 Dungeon Crawl Stone Soup version 0.28.0 (webtiles) character file.

Game seed: 9285781678439015205

339 Dani the Chopper (level 6, 55/55 HPs)
             Began as a Minotaur Fighter on Feb 20, 2022.
             Was a Follower of Zin.
             Quit the game on level 3 of the Dungeon.
             The game lasted 00:02:11 (1448 turns).

Dani the Chopper (Minotaur Fighter)                 Turns: 1448, Time: 00:02:11

Health: 55/55      AC:  7    Str: 23    XL:     6   Next: 29%
Magic:  5/5        EV: 10    Int:  5    God:    Zin [*.....]
Gold:   38         SH:  4    Dex:  9    Spells: 5/5 levels left

rFire   . . .      SeeInvis .   a - +0 war axe
rCold   . . .      Faith    .   c - +0 buckler
rNeg    . . .      Spirit   .   b - +0 scale mail
rPois   .          Reflect  .   (helmet restricted)
rElec   .          Harm     .   (no cloak)
rCorr   .          Rampage  .   (no gloves)
Will    .....                   (no boots)
Stlth   ..........              j - amulet of the acrobat
HPRegen 0.18/turn               (no ring)
MPRegen 0.09/turn               (no ring)

@: no status effects
A: horns 2, retaliatory headbutt
a: Renounce Religion, Recite, Donate Gold


You were on level 3 of the Dungeon.
You worshipped Zin.
Zin was aware of your devotion.
You visited 2 branches of the dungeon, and saw 5 of its levels.

You collected 42 gold pieces.
You donated 4 gold pieces to Zin.

Inventory:

Hand Weapons
 a - a +0 war axe (weapon)
Armour
 b - a +0 scale mail (worn)
 c - a +0 buckler (worn)
Jewellery
 j - an amulet of the acrobat (around neck)
   (You found it on level 4 of the Dungeon)
Scrolls
 g - a scroll of teleportation {unknown}
Potions
 d - a potion of might
 e - 2 potions of degeneration {unknown}
 f - a potion of brilliance {unknown}
 h - a potion of resistance {unknown}
 i - 2 potions of magic {unknown}
 k - a potion of mutation {unknown}


   Skills:
 + Level 4.8 Fighting
 * Level 5.1 Axes
 + Level 4.7 Armour
 + Level 2.4 Dodging
 + Level 4.7 Shields


You had 5 spell levels left.
You didn't know any spells.
Your spell library was empty.

Dungeon Overview and Level Annotations

Branches:
Dungeon (4/15)             Temple (1/1) D:4

Altars:
Ashenzari
Elyvilon
Hepliaklqana
Okawaru
Qazlal
Uskayaw
Xom
Zin
The Shining One
Lugonu

Annotations:
D:3 3 runed translucent doors, Dani's ghost, novice FoFi


Innate Abilities, Weirdness & Mutations

You have a pair of horns on your head.
You reflexively headbutt those who attack you in melee.


Message History

A hound skeleton is nearby!
You barely miss the hound skeleton.
The hound skeleton is severely damaged.
The hound skeleton closely misses you. The hound skeleton misses you.
You furiously retaliate!
You headbutt the hound skeleton!
You destroy the hound skeleton!
Key pressed, stopping explore.
No target in view!
Key pressed, stopping explore.
No target in view!
Key pressed, stopping explore.
No target in view!
Key pressed, stopping explore.
No target in view!
Found an escape hatch in the ceiling.
No target in view!
Key pressed, stopping explore.
No target in view!
Key pressed, stopping explore.
No target in view!
A kobold comes into view.
It is wielding a +2 dagger of venom and quivering poisoned darts.
The kobold throws a poisoned dart.
The poisoned dart misses you.
A kobold is nearby!
A kobold is nearby!
The kobold throws a poisoned dart.
The poisoned dart closely misses you.
A kobold is nearby!
The kobold throws a poisoned dart.
The poisoned dart hits you!
You are poisoned.
You feel sick.
The kobold throws a poisoned dart.
The poisoned dart misses you.
You feel sick. The kobold misses you.
You slash the kobold!
You kill the kobold!
You feel sick.
No target in view!
You feel sick.
You feel sick.
You feel sick.
You feel sick.
You are no longer poisoned.
Key pressed, stopping explore.
No target in view!
Things that are here:
a +2 dagger of venom; 8 poisoned darts No target in view!
Key pressed, stopping explore.
No target in view!
Key pressed, stopping explore.
No target in view!
Key pressed, stopping explore.
No target in view!
You open the door.
A hobgoblin comes into view.
The hobgoblin shouts!
There is an open door here.
The hobgoblin hits you but does no damage.
A hobgoblin is nearby!
A hobgoblin is nearby!
You slash the hobgoblin!
You kill the hobgoblin!
Key pressed, stopping explore.
No target in view!
No target in view!
Key pressed, stopping explore.
No target in view!
Found a staircase to the Ecumenical Temple.
No target in view!
Key pressed, stopping explore.
No target in view!
Found a dagger.
Unknown command.
There is a staircase to the Ecumenical Temple here.
You climb downwards.
Welcome to the Ecumenical Temple!
There is a staircase back to the Dungeon here.
There's nothing to open nearby.
Found three altars.
Found two corrupted altars of Lugonu.
Found four altars.
Found a corrupted altar of Lugonu.
Found a broken altar of Ashenzari and a corrupted altar of Lugonu.
There is a dry fountain here.
Done exploring.
Search for what [? for help]? altar
There is a corrupted altar of Lugonu here.
There is a staircase back to the Dungeon here.
You climb upwards.
Welcome back to the Dungeon!
There is a staircase to the Ecumenical Temple here.
You open the door.
There is an open door here.
There is a stone staircase leading up here.
You climb upwards.
Level annotation: 3 runed translucent doors, Dani's ghost, novice FoFi
There is a stone staircase leading down here.
The gnoll shouts!
There is a faded altar of an unknown god here.
You cannot tell which god this altar belongs to.
Convert to them anyway?
Zin accepts your prayer! Zin welcomes you!
You pay a tithe of 4 gold.
You can now donate money to Zin.
You can now recite Zin's Axioms of Law.
Are you sure you want to abandon this character and quit the game? (Confirm with "yes".)

#. #. #. #. ### #. ##P##
.###..P# ##P#P...#
#P.#)≈≈[♣# #.#..≈≈.@#
###.##.≈P.♣# #.P.P#P...#
#..####..P# # #.##
##P######.# #.# ######<...#
#### #######.# #....†.####
#..
........#####.........####.#
.##.#.##.................#.#


There were no monsters in sight!

Vanquished Creatures
  2 black bears (D:4)
  A scorpion (D:4)
  A hound (D:4)
  A hound skeleton (D:4)
  2 adders (D:3)
  4 worms (D:4)
  A dart slug (D:3)
  An orc (D:4)
  A ball python (D:4)
  4 endoplasms
  A giant cockroach (D:4)
  A goblin (D:3)
  2 hobgoblins
  2 kobolds (D:4)
  2 bats (D:3)
  2 rats (D:3)
28 creatures vanquished.

Notes
Turn   | Place    | Note
-------+----------+-------------------------------------------
     0 | D:1      | Dani the Minotaur Fighter began the quest for the Orb.
     0 | D:1      | Reached XP level 1. HP: 19/19 MP: 0/0
   131 | D:3      | Found a runed translucent gate.
   131 | D:3      | Found a runed translucent gate.
   132 | D:3      | Found a runed translucent gate.
   140 | D:3      | Noticed Dani's ghost (novice FoFi)
   349 | D:3      | Found a faded altar of an unknown god.
   357 | D:3      | Reached XP level 2. HP: 27/27 MP: 1/1
   496 | D:3      | Reached skill level 3 in Axes
   539 | D:3      | Reached skill level 1 in Dodging
   539 | D:3      | Reached XP level 3. HP: 33/33 MP: 2/2
   660 | D:4      | Noticed a black bear
   668 | D:4      | Killed a black bear
   669 | D:4      | Reached skill level 4 in Fighting
   669 | D:4      | Reached skill level 4 in Axes
   669 | D:4      | Reached skill level 4 in Armour
   669 | D:4      | Reached skill level 4 in Shields
   669 | D:4      | Reached XP level 4. HP: 23/40 MP: 3/3
   673 | D:4      | Reached XP level 5. HP: 23/47 MP: 4/4
   726 | D:4      | Reached skill level 2 in Dodging
  1122 | D:4      | Noticed a black bear
  1125 | D:4      | Found a stormy altar of Qazlal.
  1134 | D:4      | Killed a black bear
  1135 | D:4      | Reached skill level 5 in Axes
  1135 | D:4      | Reached XP level 6. HP: 50/55 MP: 5/5
  1297 | D:4      | Found a staircase to the Ecumenical Temple.
  1325 | Temple   | Entered the Ecumenical Temple
  1447 | D:3      | Prayed at the altar of an unknown god.
  1447 | D:3      | Became a worshipper of Zin the Law-Giver
  1447 | D:3      | Reached * piety under Zin
  1448 | D:3      | Quit the game

Illustrated notes

Levels and vault maps discovered:
D:1:      grunt_arrival_lava_bath, layout_basic, minivault_23,
          minmay_tetromino_o4
D:2:      layout_rooms, uniq_terence
D:3:      layout_loops_cross, grunt_temple_overflow_gold_and_silver,
          dreamdust_ecumenical_altar_hidden_monk_grotto, gammafunk_ghost_split,
          kennysheep_generic_room_8
D:4:      layout_basic, mainiacjoe_overflow_surrounded_room,
          minmay_temple_entry_trees, nicolae_wormholes
Temple:   corrupted_temple

Skill      XL: |  1  2  3  4  5 |
---------------+----------------+-----
Axes           | 3 4 5 |  5.1
Dodging        | 1 2 |  2.4
Fighting       | 4 |  4.8
Armour         | 4 |  4.7
Shields        | 4 |  4.7

Action                   |  1- 3 |  4- 6 || total
-------------------------+-------+-------++-------
Melee: War axe           |    36 |    41 ||    77
       Headbutt          |     7 |     5 ||    12
  Use: Scroll            |     1 |       ||     1
Armor: Scale mail        |    22 |    13 ||    35
Dodge: Dodged            |    16 |    24 ||    40
Block: Buckler           |    11 |     9 ||    20

Table legend: (Time is in decaauts)
 A = Elapsed time spent in this place.
 B = Non-inter-level travel time spent in this place.
 C = Inter-level travel time spent in this place.
 D = Time resting spent in this place.
 E = Time spent auto-exploring this place.
 F = Levels seen in this place.
 G = Mean time per level.
                   A        B        C        D        E       F      G
               +--------+--------+--------+--------+--------+-----+--------+
         Total |   1474 |   1366 |    108 |    203 |    875 |   5 |  294.8 |
       Dungeon |   1431 |   1337 |     94 |    203 |    851 |   4 |  357.8 |
        Temple |     43 |     29 |     14 |      0 |     24 |   1 |   43.0 |
               +--------+--------+--------+--------+--------+-----+--------+

Top non-repeatable levels by time:
     D:4: 824 daAuts
     D:3: 482 daAuts
     D:1: 98 daAuts
  Temple: 43 daAuts
     D:2: 25 daAuts

Table legend:
 A = Kills in this place as a percentage of kills in entire the game.
 B = Kills by you in this place as a percentage of kills by you in the entire game.
 C = Kills by friends in this place as a percentage of kills by friends in the entire game.
 D = Other kills in this place as a percentage of other kills in the entire game.
 E = Experience gained in this place as a percentage of experience gained in the entire game.
 F = Experience gained in this place divided by the number of levels of this place that you have seen.
                   A       B       C       D       E      F
               +-------+-------+-------+-------+-------+----------------------
         Total | 100.0 | 100.0 |   N/A |   N/A | 100.0 |  97.0
       Dungeon | 100.0 | 100.0 |   N/A |   N/A | 100.0 | 121.2
               +-------+-------+-------+-------+-------+----------------------
